 Dungeon Crawl Stone Soup version 0.26.1-11-gd32895ea62 (webtiles) character file.

Game seed: 5718656153974198303

34 Zeld the Chopper (level 3, 0/23 HPs)
             Began as a Gargoyle Berserker on May 27, 2021.
             Was a Follower of Trog.
             Slain by Jessica
             ... wielding a +0 club
              (5 damage)
             ... on level 2 of the Dungeon.
             The game lasted 00:01:32 (976 turns).

Zeld the Chopper (Gargoyle Berserker)                Turns: 976, Time: 00:01:33

Health: 0/23       AC:  3    Str: 21    XL:     3   Next: 31%
Magic:  3/3        EV: 12    Int:  7    God:    Trog [*.....]
Gold:   35         SH:  0    Dex:  9    Spells: 2/2 levels left

rFire    . . .     SeeInvis .   a - +0 hand axe
rCold    . . .     Faith    .   (no shield)
rNeg     + . .     Spirit   .   (no armour)
rPois    ∞         Reflect  .   (no helmet)
rElec    +         Harm     .   (no cloak)
rCorr    .         Rampage  .   (no gloves)
Will     .....                  (no boots)
Stlth    +.........             (no amulet)
HPRegen  0.07/turn              (no ring)
MPRegen  0.08/turn              (no ring)

@: berserk cooldown, slowed, very slow
A: negative energy resistance 1, electricity resistance, unbreathing,
petrification resistance, miasma immunity, AC +3
a: Renounce Religion, Berserk


You were on level 2 of the Dungeon.
You worshipped Trog.
Trog was aware of your devotion.
You visited 1 branch of the dungeon, and saw 2 of its levels.

You collected 35 gold pieces.

Inventory:

Hand Weapons
 a - a +0 hand axe (weapon)
Scrolls
 c - 2 scrolls of amnesia {unknown}
 d - a scroll of identify {unknown}
 e - a scroll of random uselessness {unknown}
 f - a scroll of teleportation {unknown}
 g - a scroll of remove curse {unknown}
Potions
 b - 3 potions of heal wounds {unknown}
 h - a potion of flight {unknown}
 i - a potion of attraction {unknown}
 j - a potion of lignification {unknown}
 k - a potion of invisibility {unknown}


   Skills:
 - Level 3.2 Fighting
 * Level 3.9 Axes
 - Level 2.1 Armour
 - Level 1.5 Dodging


You had 2 spell levels left.
You didn't know any spells.
Your spell library was empty.

Dungeon Overview and Level Annotations

Branches:
Dungeon (2/15)

Altars:
Elyvilon

Annotations:
D:2 Jessica


Innate Abilities, Weirdness & Mutations

You are resistant to torment.
Your stone body is resilient. (AC +3)
You are immune to poison.
You resist negative energy. (rN+)
You are resistant to electric shocks. (rElec)
You can survive without breathing.
You are immune to petrification.
You are immune to miasma.


Message History

You feel yourself slow down.
Jessica mumbles some strange words.
Jessica blinks!
You barely miss Jessica. Jessica hits you with a +0 club.
Jessica barely misses you. Jessica closely misses you.
You hit Jessica.
Jessica is lightly wounded.
Jessica hits you but does no damage. Jessica barely misses you.
You hit Jessica.
Jessica is moderately wounded.
Jessica casts a spell.
Jessica blinks!
Jessica points at you and mumbles some strange words.
Pain shoots through your body!
* * * LOW HITPOINT WARNING * * *
Jessica closely misses you.
You hit Jessica.
Jessica is severely wounded.
Jessica misses you. Jessica hits you with a +0 club.
You die...

......####>..........).
##....####.##.....##..≈
#........#.##.....#..≈≈
#........#.##..........
#........†.##....).....
####......##..........†.
..........++............
###...@...##.......≈....
.......@...........8≈...
####...............≈....
####+#...............
#......#........
......#........ #
###.....#......≈≈
#.#_#.............≈
.#.8..............
.................


You could see Jessica (fast).

Vanquished Creatures
  An adder (D:2)
  An ooze (D:2)
  A dart slug (D:2)
  A giant cockroach (D:1)
  2 goblins
  2 hobgoblins
  3 bats (D:1)
  4 frilled lizards
  3 kobolds
  2 rats (D:2)
20 creatures vanquished.

Notes
Turn   | Place    | Note
-------+----------+-------------------------------------------
     0 | D:1      | Zeld the Gargoyle Berserker began the quest for the Orb.
     0 | D:1      | Reached XP level 1. HP: 14/14 MP: 1/1
   380 | D:1      | Reached XP level 2. HP: 19/19 MP: 2/2
   623 | D:2      | Found a white marble altar of Elyvilon.
   825 | D:2      | Reached XP level 3. HP: 17/23 MP: 3/3
   955 | D:2      | Noticed Jessica
   976 | D:2      | Slain by Jessica

Illustrated notes

Levels and vault maps discovered:
D:1:      saegor_arrival_simple_c, layout_rooms
D:2:      layout_basic, minitemple,
          nicolae_gozag_cash_rules_everything_around_me,
          kennysheep_decorative_pillar, uniq_robin, uniq_jessica

Skill      XL: |  1 |
---------------+----+-----
Axes           | 3 |  3.9
Fighting       | |  3.2
Armour         | |  2.1
Dodging        | |  1.5

Action                   || total
-------------------------++-------
Melee: Hand axe          ||    61
Invok: Berserk           ||     1
Armor: Skin              ||    12
Dodge: Dodged            ||    57
